 Dungeon Crawl Stone Soup version 0.23-a0-461-gff60f6859b (webtiles) character file.

8941 Maize the Severer (level 11, -1/104 HPs)
             Began as a Minotaur Berserker on Nov 26, 2018.
             Was a High Priest of Trog.
             Shot with an arrow by a centaur warrior (11 damage)
             ... on level 10 of the Dungeon.
             The game lasted 00:16:22 (7542 turns).

Maize the Severer (Minotaur Berserker)              Turns: 7542, Time: 00:16:22

Health: -1/104     AC: 12    Str: 30    XL:     11   Next: 16%
Magic:  10/10      EV: 12    Int:  4    God:    Trog [*****.]
Gold:   97         SH:  0    Dex: 10    Spells: 10/10 levels left

rFire    + . .     SeeInvis .   F - +0 battleaxe
rCold    + . .     Gourm    .   (shield currently unavailable)
rNeg     . . .     Faith    +   t - +0 plate armour
rPois    .         Spirit   .   (helmet restricted)
rElec    .         Reflect  .   K - scarf {rC+ rF+}
rCorr    .         Harm     .   q - +0 pair of gloves
MR       .....                  (no boots)
Stlth    ..........             m - amulet of faith
HPRegen  0.27/turn              l - +5 ring of strength
MPRegen  0.12/turn              D - +4 ring of evasion

@: berserk cooldown, slowed, very slow
A: retaliatory headbutt, horns 2
a: Berserk, Trog's Hand, Brothers in Arms, Renounce Religion


You were on level 10 of the Dungeon.
You worshipped Trog.
Trog was extremely pleased with you.
You were near starving.

You visited 1 branch of the dungeon, and saw 10 of its levels.

You collected 481 gold pieces.
You spent 384 gold pieces at shops.

Inventory:

Hand Weapons
 s - the +1 rapier of Daaxumob {holy, *Slow rC+ Str+3}
   (You found it on level 4 of the Dungeon)

   It has been blessed by the Shining One to cause great damage to the undead
   and demons.
   It affects your strength (+3).
   It protects you from cold.
   It may slow you when you take damage.
 u - a +0 hand axe of flaming
 F - a +0 battleaxe (weapon)
 H - a +3 arbalest of flaming
Missiles
 G - 8 tomahawks (quivered)
Armour
 q - a +0 pair of gloves (worn)
 t - a +0 plate armour (worn)
 K - a scarf of resistance (worn)
Jewellery
 a - an uncursed ring of flight
 e - an uncursed ring of fire
 h - an uncursed ring of ice
 l - a +5 ring of strength (left hand)
 m - an amulet of faith (around neck)
 v - a +3 ring of dexterity
 D - a +4 ring of evasion (right hand)
 E - an uncursed amulet of magic regeneration {unknown}
Wands
 b - a wand of digging (9)
 k - a wand of enslavement (6)
 r - a wand of flame (3)
 w - a wand of paralysis (33)
Scrolls
 d - 2 scrolls of immolation
 f - a scroll of summoning {unknown}
 g - 7 scrolls of remove curse {unknown}
 j - 2 scrolls of amnesia
 n - 3 scrolls of fear
 o - a scroll of holy word {unknown}
 p - 2 scrolls of teleportation
 y - 3 scrolls of identify
 B - a scroll of noise {unknown}
Potions
 i - a potion of heal wounds {unknown}
 x - 5 potions of curing
 z - a potion of haste
 A - a potion of flight {unknown}
 C - a potion of lignification {unknown}
 I - 2 potions of invisibility {unknown}
 J - 3 potions of might {unknown}
Comestibles
 c - 18 rations


   Skills:
 + Level 12.2 Fighting
 * Level 16.1 Axes
 + Level 3.3 Armour
 - Level 2.3 Dodging


You had 10 spell levels left.
You didn't know any spells.
Your spell library was empty.

Dungeon Overview and Level Annotations

Branches:
Dungeon (10/15)            Temple (0/1) D:7            Lair (0/6) D:8
    Orc: D:9-12

Altars:
Cheibriados
Elyvilon
Hepliaklqana
Nemelex Xobeh

Shops:
D:8 *

Annotations:
D:7 4 runed doors


Innate Abilities, Weirdness & Mutations

You reflexively headbutt those who attack you in melee.
You have a pair of horns on your head.


Message History

The centaur warrior shoots an arrow.
The arrow misses you.
The centaur warrior shoots an arrow.
The arrow hits you!
* * * LOW HITPOINT WARNING * * *
Things that are here:
an arrow; a leather armour A red film seems to cover your vision as you go berserk!
You feel yourself moving faster!
You feel mighty!
You are near starving!
The centaur warrior shoots an arrow.
The arrow barely misses you.
You feel a strong urge to attack something.
The centaur warrior shoots an arrow.
The arrow barely misses you.
The centaur warrior shoots an arrow.
The arrow barely misses you.
Found a ration.
You feel your anger nearly subside.
You are no longer berserk.
You are exhausted.
You feel yourself slow down.
There is an escape hatch in the ceiling here.
The centaur warrior shoots an arrow.
The arrow hits you!
You die...

#c..#....###...#
#/..#.†c.§##.#
#o((.###...#
#.C..###.....#
/!....###..c....##
$(..###...(.....(##
#.###....(........#
. #....(..#.......#
##..@...##.......#
#....(..)).((..###
#..........)...#
#.........)...###
#...###...##..#
#.... ###.....#
#.... .......#
..%.. ..###..## #.#
####


You could see a centaur warrior.

Vanquished Creatures
  A two-headed ogre (D:8)
  Erica (D:8)
  The ghost of SpeedVeins the Pandemonic, a novice DDFi of Makhleb (D:9)
  Pikel (D:5)
  The ghost of LLavrengius the Skirmisher, a novice FoFi of Makhleb (D:5)
  Psyche (D:8)
  Joseph (D:8)
  A troll (D:9)
  Prince Ribbit (D:9)
  Grinder (D:6)
  2 hippogriffs
  Sigmund (D:5)
  2 wyverns (D:8)
  A hungry ghost (D:8)
  A steam dragon (D:8)
  4 orc warriors
  A sky beast (D:5)
  3 ice beasts
  2 ogres
  A phantom (D:7)
  A crocodile (D:8)
  3 centaurs
  A big kobold (D:7)
  2 gnoll sergeants (D:8)
  5 bullfrogs
  A wyvern zombie (D:7)
  3 scorpions
  7 jellies
  A howler monkey (D:9)
  3 crimson imps
  2 quasits (D:5)
  3 bullfrog zombies
  4 orc priests
  2 bullfrog skeletons
  2 gnoll shamans (D:7)
  5 hounds
  2 iguanas (D:8)
  10 orc wizards
  9 worker ants
  A hound skeleton (D:4)
  17 gnolls
  4 adders
  6 oozes
  3 worms
  5 dart slugs
  3 leopard geckos
  29 orcs
  2 ball pythons
  3 giant cockroaches
  8 hobgoblins
  4 jackals
  6 quokkas
  4 bats
  A frilled lizard (D:4)
  4 goblins
  10 kobolds
  A leopard gecko skeleton (D:6)
  A quokka skeleton (D:5)
  3 rats
209 creatures vanquished.

Notes
Turn   | Place    | Note
-------+----------+-------------------------------------------
     0 | D:1      | Maize the Minotaur Berserker began the quest for the Orb.
     0 | D:1      | Reached XP level 1. HP: 19/19 MP: 0/0
   524 | D:1      | Reached XP level 2. HP: 24/27 MP: 1/1
   572 | D:1      | Reached skill level 4 in Axes
  1083 | D:2      | Found a sparkling altar of Nemelex Xobeh.
  1149 | D:2      | Found a white marble altar of Elyvilon.
  1233 | D:2      | Reached XP level 3. HP: 33/33 MP: 2/2
  1514 | D:3      | Reached ** piety under Trog
  1760 | D:3      | Found a faded altar of an unknown god.
  1789 | D:3      | Reached skill level 5 in Axes
  2009 | D:4      | Reached XP level 4. HP: 41/41 MP: 3/3
  2031 | D:4      | Reached skill level 5 in Fighting
  2031 | D:4      | Reached skill level 6 in Axes
  2031 | D:4      | Reached XP level 5. HP: 48/48 MP: 4/4
  2133 | D:4      | Got an ivory rapier
  2134 | D:4      | Identified the +1 rapier of Daaxumob {holy, *Slow rC+
                  | Str+3} (You found it on level 4 of the Dungeon)
  2265 | D:4      | Reached skill level 7 in Axes
  2265 | D:4      | Reached XP level 6. HP: 39/57 MP: 5/5
  2648 | D:5      | Entered Level 5 of the Dungeon
  2741 | D:5      | Noticed an ice beast
  2751 | D:5      | Killed an ice beast
  2751 | D:5      | Reached skill level 8 in Axes
  2762 | D:5      | Reached XP level 7. HP: 63/63 MP: 6/6
  2786 | D:5      | Found a transporter.
  2802 | D:5      | Found a transporter.
  2805 | D:5      | Noticed LLavrengius's ghost (novice FoFi)
  2828 | D:5      | Killed LLavrengius's ghost
  2828 | D:5      | Reached skill level 9 in Axes
  2828 | D:5      | Reached XP level 8. HP: 73/73 MP: 7/7
  2845 | D:5      | Noticed Sigmund
  3104 | D:5      | Killed Sigmund
  3104 | D:5      | Reached skill level 10 in Axes
  3204 | D:5      | Noticed Pikel
  3210 | D:5      | Killed Pikel
  3210 | D:5      | Reached skill level 11 in Axes
  3295 | D:5      | Reached *** piety under Trog
  3523 | D:6      | Reached XP level 9. HP: 67/82 MP: 8/8
  3764 | D:6      | Noticed Grinder
  3779 | D:6      | Killed Grinder
  3779 | D:6      | Reached skill level 12 in Axes
  4530 | D:7      | Found a snail-covered altar of Cheibriados.
  4557 | D:7      | Found a huge runed gate.
  4557 | D:7      | Found a huge runed gate.
  4559 | D:7      | Noticed a death yak
  4559 | D:7      | Found a huge runed gate.
  4559 | D:7      | Noticed a polar bear
  4559 | D:7      | Noticed a death yak
  4559 | D:7      | Noticed a polar bear
  4560 | D:7      | Found a huge runed gate.
  4565 | D:7      | Noticed a polar bear
  4668 | D:7      | Reached **** piety under Trog
  4668 | D:7      | Reached skill level 13 in Axes
  4674 | D:7      | Reached skill level 10 in Fighting
  4721 | D:7      | Found a staircase to the Ecumenical Temple.
  4873 | D:7      | Found a hazy altar of Hepliaklqana.
  5677 | D:8      | Reached XP level 10. HP: 78/94 MP: 9/9
  5687 | D:8      | Noticed a two-headed ogre
  5700 | D:8      | Killed a two-headed ogre
  5700 | D:8      | Reached skill level 14 in Axes
  5922 | D:8      | Found a staircase to the Lair.
  5930 | D:8      | Noticed Psyche
  5938 | D:8      | Killed Psyche
  6186 | D:8      | Noticed Joseph
  6190 | D:8      | Reached ***** piety under Trog
  6200 | D:8      | Killed Joseph
  6226 | D:8      | Found Nunt's General Store.
  6352 | D:8      | Reached skill level 15 in Axes
  6412 | D:8      | Noticed Erica
  6431 | D:8      | Killed Erica
  6935 | D:8      | Bought a scarf of resistance for 384 gold pieces
  6984 | D:9      | Found a runed gate.
  6985 | D:9      | Noticed SpeedVeins's ghost (novice DDFi)
  6986 | D:9      | Found a runed gate.
  6987 | D:9      | Found a runed gate.
  7141 | D:9      | Noticed Prince Ribbit
  7150 | D:9      | Killed Prince Ribbit
  7179 | D:9      | Reached XP level 11. HP: 104/104 MP: 10/10
  7335 | D:9      | Killed SpeedVeins's ghost
  7335 | D:9      | Reached skill level 16 in Axes
  7397 | D:10     | Entered Level 10 of the Dungeon
  7502 | D:10     | Received a gift from Trog
  7524 | D:10     | Noticed a centaur warrior
  7542 | D:10     | Shot with an arrow by a centaur warrior

Vault maps used:
D:1:      ncdulo_smallfort
D:2:      nicolae_overflow_crystal_walls, nemelex_xobeh_ov_fountains_minmay
D:3:      chequers_ecumenical_altar_simple, due_unseen_surprise
D:4:      hangedman_decor_riveting, kennysheep_decorative_pillar,
          roderic_filled_cross
D:5:      gammafunk_ghost_stat_death, first_ration, kennysheep_another_room,
          uniq_pikel, uniq_sigmund
D:6:      uniq_grinder
D:7:      lemuel_bear_cage, kennysheep_mini_moat, minmay_temple_entry_slanted,
          chei_slow_surprise
D:8:      lair_entry_dummy, serial_shops, nicolae_shop_behind_doors,
          uniq_psyche, uniq_erica, uniq_joseph
D:9:      ebering_ghost_rock_garden, hangedman_little_slice_of_home,
          uniq_prince_ribbit1
D:10:     minmay_the_grid_four_pointed_star_mashed

Skill      XL: |  1  2  3  4  5  6  7  8  9 10 11 |
---------------+----------------------------------+-----
Fighting       | 4 5 6 7 8 10 12 | 12.2
Axes           | 4 5 6 7 8 9 11 13 15 16 | 16.1
Armour         | 3 |  3.3
Dodging        | |  2.3

Action                   |  1- 3 |  4- 6 |  7- 9 | 10-12 || total
-------------------------+-------+-------+-------+-------++-------
Melee: Hand axe          |    90 |    58 |   179 |       ||   327
       Headbutt          |    19 |     7 |    46 |    41 ||   113
       War axe           |       |       |    49 |    38 ||    87
       Battleaxe         |       |       |       |   137 ||   137
Invok: Berserk           |       |       |     4 |     2 ||     6
  Use: Scroll            |       |     3 |     4 |       ||     7
 Stab: Sleeping          |     1 |       |       |       ||     1
  Eat: Chunk             |     3 |     3 |    12 |     8 ||    26
Armor: Animal skin       |     5 |       |       |       ||     5
       Scale mail        |    16 |     9 |       |       ||    25
       Plate armour      |       |    23 |   114 |    66 ||   203
Dodge: Dodged            |    54 |    21 |    95 |    89 ||   259

Table legend:
 A = Non-vault XP
 B = Vault XP
 C = Vault XP percentage of total XP
 D = Non-vault monster count
 E = Vault monster count
 F = Vault count percentage of total count
                 A         B        C        D         E       F
            +---------+---------+-------+---------+---------+-------
      Total |    7738 |    5036 |  39.4 |     188 |      21 |  10.0
            +---------+---------+-------+---------+---------+-------
        D:1 |      31 |       0 |   0.0 |      18 |       0 |   0.0
        D:2 |      15 |       0 |   0.0 |      10 |       0 |   0.0
        D:3 |      43 |       0 |   0.0 |      14 |       0 |   0.0
        D:4 |     464 |       0 |   0.0 |      14 |       0 |   0.0
        D:5 |     477 |    1569 |  76.7 |      14 |       5 |  26.3
        D:6 |     444 |     272 |  38.0 |      16 |       1 |   5.9
        D:7 |    1418 |       5 |   0.4 |      31 |       1 |   3.1
        D:8 |    3152 |    1805 |  36.4 |      37 |       3 |   7.5
        D:9 |    1113 |    1351 |  54.8 |      23 |      10 |  30.3
       D:10 |     581 |      34 |   5.5 |      11 |       1 |   8.3
            +---------+---------+-------+---------+---------+-------
